AoeStats
← AoEE.dvdv

Lombardia

510165295Analyzed
4v4 RM · 3d ago on Sep 29, 2026· 48m 14s· 8 players
Game mode
Random Map
Map size
Large (8 player)
Population
200
Speed
Normal
Resources
Standard
Victory
Conquest
Starting age
Dark Age
Ending age
Imperial Age
RankedLock teamsTeams togetherTeam positionsShared explorationLock speedFull tech treeHidden civsTurbo modeCheats
Victory
Defeat
🇪🇪 Ethiopians · Estonia
1182
+13
🇪🇪 Shu · Estonia
1154
+15
🇪🇪 Lithuanians · Estonia
1037
+19
🇪🇪 Burgundians · Estonia
1034
+21
🇩🇪 Poles · Germany
1138
-18
🇹🇼 Danes · Taiwan
1129
-17
🇳🇱 Bohemians · Netherlands
1113
-17
🇹🇼 Varangians · Taiwan
1096
-16
MJATEZHNIK.Bobihnoo
7:13 Loom
9:24 Feudal Age
11:17 Double-Bit Axe
11:53 Gold Mining
17:43 Castle Age
18:00 Fletching
18:50 Bow Saw
18:23 Horse Collar
19:07 Bodkin Arrow
19:44 Crossbowman
24:04 Padded Archer Armor
30:48 Husbandry
31:41 Scale Barding Armor
31:47 Forging
36:29 Wheelbarrow
40:00 Gold Shaft Mining
39:15 Stone Mining
42:43 Imperial Age
40:44 Leather Archer Armor
40:52 Chain Barding Armor
42:15 Hand Cart
41:46 Town Watch
42:53 Heavy Hei Guang Cavalry
44:12 Plate Barding Armor
43:12 Arbalester
45:45 Thumb Ring
46:17 Town Patrol
valjashestero
9:39 Loom
11:43 Feudal Age
17:16 Castle Age
16:21 Scale Barding Armor
16:44 Double-Bit Axe
17:25 Cavalier
18:59 Husbandry
19:20 Bow Saw
20:02 Gold Mining
21:20 Forging
24:40 Horse Collar
26:11 Gold Shaft Mining
26:39 Wheelbarrow
31:44 Chain Barding Armor
32:01 Stone Mining
35:10 Heavy Plow
36:09 Iron Casting
42:06 Imperial Age
42:13 Paladin
43:30 Plate Barding Armor
43:56 Blast Furnace
43:52 Burgundian Vineyards
45:47 Fletching
AoEE.Tsumi
10:15 Feudal Age
10:46 Double-Bit Axe
12:29 Gold Mining
16:34 Horse Collar
23:08 Castle Age
22:49 Loom
23:56 Crossbowman
25:06 Forging
26:21 Wheelbarrow
27:26 Stone Mining
28:13 Gold Shaft Mining
29:05 Thumb Ring
30:29 Bow Saw
35:23 Imperial Age
33:34 Iron Casting
32:52 Fletching
33:08 Scale Barding Armor
32:57 Fletching
33:07 Padded Archer Armor
35:04 Ballistics
36:02 Hand Cart
35:45 Arbalester
38:44 Stone Mining
40:52 Bodkin Arrow
41:12 Leather Archer Armor
44:34 Stone Shaft Mining
45:46 Bracer
47:09 Chemistry
AoEE.dvdv
6:34 Loom
9:24 Feudal Age
10:47 Double-Bit Axe
12:59 Horse Collar
23:51 Castle Age
22:08 Scale Barding Armor
22:18 Bloodlines
22:34 Gold Mining
25:53 Husbandry
26:28 Forging
28:48 Wheelbarrow
33:13 Heavy Plow
37:36 Chain Barding Armor
39:45 Fletching
40:31 Iron Casting
40:14 Bow Saw
43:31 Imperial Age
43:27 Stone Mining
44:15 Cavalier
48:45 Plate Barding Armor
48:06 Bodkin Arrow
CapsizingSea
5:12 Loom
9:48 Feudal Age
10:22 Double-Bit Axe
11:16 Horse Collar
17:34 Wheelbarrow
20:30 Castle Age
22:01 Bow Saw
21:53 Pikeman
29:53 Scale Mail Armor
31:22 Town Watch
37:18 Imperial Age
36:15 Squires
37:02 Chain Mail Armor
36:58 Forging
38:02 Murder Holes
39:13 Chemistry
38:12 Murder Holes
39:01 Fletching
40:14 Halberdier
42:51 Plate Mail Armor
43:28 Ballistics
45:30 Hand Cart
45:16 Town Patrol
45:33 Bodkin Arrow
Rettich
5:24 Loom
5:28 Loom
12:13 Feudal Age
18:03 Castle Age
16:28 Double-Bit Axe
16:24 Horse Collar
19:01 Elite Skirmisher
19:39 Fletching
20:52 Padded Archer Armor
20:48 Bodkin Arrow
31:07 Imperial Age
28:55 Scale Barding Armor
30:28 Wheelbarrow
Oscar_Lee
11:03 Feudal Age
15:03 Castle Age
13:03 Loom
13:38 Double-Bit Axe
14:29 Horse Collar
14:59 Scale Barding Armor
21:24 Forging
24:05 Bow Saw
24:06 Loom
26:00 Bloodlines
27:03 Scale Mail Armor
29:55 Husbandry
34:16 Chain Barding Armor
35:12 Iron Casting
42:52 Imperial Age
40:13 Town Watch
41:04 Wheelbarrow
43:50 Gold Mining
44:36 Plate Barding Armor
44:26 Conscription
43:48 Horse Collar
44:09 Cavalier
45:51 Blast Furnace
44:33 Vendel Legacy
小佑
7:16 Loom
9:52 Feudal Age
10:21 Double-Bit Axe
10:57 Horse Collar
17:22 Wheelbarrow
20:56 Man-at-Arms
28:11 Castle Age
29:28 Gold Mining
30:20 Squires
30:07 Arson
30:10 Gambesons
33:14 Imperial Age
32:30 Scale Mail Armor
35:07 Conscription
35:38 Bow Saw
36:05 Conscription
36:43 Stone Mining
36:48 Gold Mining
39:04 Capped Ram
39:40 Town Watch
40:57 Chain Mail Armor
40:52 Forging
44:44 Iron Casting
44:39 Plate Mail Armor
Connection lost

Rejoining the realm…

Still unreachable

The connection could not be restored.

Session expired

The server has moved on; the page needs a fresh start.